 Dungeon Crawl Stone Soup version 0.19-a0-1932-g59670f6 (webtiles) character file.

343 varam the Ruffian (level 6, 59/59 HPs)
             Began as a Troll Monk on Oct 25, 2016.
             Was a Believer of the Shining One.
             Quit the game on level 2 of the Dungeon.
             The game lasted 00:06:35 (2684 turns).

varam the Ruffian (Troll Monk)                      Turns: 2684, Time: 00:06:35

Health: 59/59      AC:  5    Str: 20    XL:     6   Next: 31%
Magic:  5/5        EV: 11    Int:  6    God:    the Shining One [**....]
Gold:   164        SH:  0    Dex: 14    Spells: 0 memorised, 5 levels left

rFire  . . .     SeeInvis .       - Unarmed
rCold  . . .     Gourm    +     a - +0 robe
rNeg   + . .     Faith    .     (no shield)
rPois  +         Spirit   .     (helmet restricted)
rElec  .         Reflect  .     (no cloak)
rCorr  .         Harm     .     (gloves unavailable)
MR     .....                    (boots unavailable)
Stlth  +.........               (no amulet)
                                q - ring of wizardry
                                n - ring of poison resistance

@: glowing
A: unfitting armour, claws 3, fast metabolism 3, gourmand, regeneration 1,
shaggy fur 1, tough skin 2
a: Divine Shield, Renounce Religion


You were on level 2 of the Dungeon.
You worshipped the Shining One.
The Shining One was pleased with you.
You were very full.

You visited 2 branches of the dungeon, and saw 6 of its levels.

You collected 164 gold pieces.

Inventory:

Missiles
 d - 243 stones (quivered)
 u - 2 javelins
 y - 4 large rocks
Armour
 a - a +0 robe (worn)
Jewellery
 n - a ring of poison resistance (left claw)
 q - a ring of wizardry (right claw)
Scrolls
 f - a scroll of enchant armour {unknown}
 g - 2 scrolls of magic mapping {unknown}
 j - a scroll of identify {unknown}
 k - a scroll of fog {unknown}
 m - a scroll of enchant weapon {unknown}
 p - a scroll of fear {unknown}
 r - a scroll of noise {unknown}
 w - 4 scrolls of remove curse {unknown}
Potions
 c - 2 potions of degeneration {unknown}
 e - a potion of might {unknown}
 h - a potion of curing {unknown}
 i - a potion of cancellation {unknown}
 l - 2 potions of heal wounds {unknown}
 o - a potion of flight {unknown}
 s - 2 potions of agility {unknown}
 x - a potion of lignification {unknown}
Comestibles
 b - 4 bread rations
 t - a meat ration
 v - a slice of pizza


   Skills:
 - Level 2.4 Fighting
 + Level 3.3 Throwing
 - Level 3.6 Dodging
 - Level 1.0 Stealth
 + Level 5.0 Unarmed Combat


You had 5 spell levels left.
You didn't know any spells.

Dungeon Overview and Level Annotations

Branches:
Dungeon (5/15)             Temple (1/1) D:4

Altars:
Ashenzari
Dithmenos
Elyvilon
Fedhas
Hepliaklqana
Kikubaaqudgha
Makhleb
Nemelex Xobeh
Qazlal
Ru
Sif Muna
Trog
Uskayaw
Yredelemnul
Zin
The Shining One

Annotations:
D:3 inmateoo's ghost, amateur FoAr
D:5 Capuchin's ghost, novice MiFi


Innate Abilities, Weirdness & Mutations

You are too large for most types of armour.
You have claws for hands.
Your metabolism is lightning-fast.
You like to eat raw meat.
Your natural rate of healing is unusually fast.
You are covered in fur. (AC +1)
You have very tough skin. (AC +2)


Message History

a plate armour; a frilled lizard corpse
g - 2 scrolls labeled MAENOWK TEPNIN (gained 1)
A bat comes into view.
The helpless bat fails to defend itself.
You scratch the bat.
The bat is severely wounded.
The bat hits you but does no damage. The bat hits you.
You claw the bat!
You kill the bat!
No target in view!
Found a faded altar of an unknown god.
There is a faded altar of an unknown god here.
Unknown command.
Press < or > to pray at altars.
You cannot tell which god this altar belongs to.
Convert to them anyway?
The Shining One accepts your prayer! The Shining One welcomes you!
You and your allies can gain power from killing the unholy and evil.
You can now call upon the Shining One for a divine shield.
Are you sure you want to abandon this character and quit the game? (Confirm with "yes".)

##.##.#.#.##.##.##.#
#.#
........#.##.##.##.#
###[####
.##....##..........#
#......#
..#.##.######.....#
#.#.##.# ≈.≈.##.#
#... .# #.#.##.#
.≈.≈##.# #.....##
#.#.##.# ...###.#
#......# #.#.##.#
.≈.# .# #...#..#
#......# ...# .#
#.#@#.# ###.####
.≈.# ####..#..# #.#
...# .........# #.#
.≈.# ....#.##..# #.#
...# ...
#.##.######.# ≈_≈#
.. #...........#
≈≈≈# . ####.########
#### #.# ..#


There were no monsters in sight!

Vanquished Creatures
  An ogre (D:4)
  An orc priest (D:4)
  Robin (D:4)
  5 gnolls
  8 adders
  3 worms
  4 dart slugs
  3 orcs (D:4)
  5 bats
  4 giant cockroaches
  15 goblins
  7 hobgoblins
  4 jackals (D:1)
  8 kobolds
  2 quokkas
  5 frilled lizards
  A jackal skeleton (D:4)
  6 rats (D:1)
83 creatures vanquished.

Vanquished Creatures (others)
  7 toadstools (D:1)
7 creatures vanquished.

Grand Total: 90 creatures vanquished

Notes
Turn   | Place    | Note
-------+----------+-------------------------------------------
     0 | D:1      | varam the Troll Monk began the quest for the Orb.
     0 | D:1      | Reached XP level 1. HP: 22/22 MP: 0/0
   183 | D:1      | Reached XP level 2. HP: 29/29 MP: 1/1
   468 | D:1      | Reached skill level 1 in Throwing
   468 | D:1      | Reached XP level 3. HP: 20/36 MP: 2/2
  1023 | D:3      | Found a hazy altar of Hepliaklqana.
  1027 | D:3      | Reached XP level 4. HP: 44/44 MP: 3/3
  1052 | D:3      | Reached skill level 4 in Unarmed Combat
  1182 | D:3      | Noticed inmateoo's ghost (amateur FoAr)
  1229 | D:4      | Reached XP level 5. HP: 47/50 MP: 4/4
  1409 | D:2      | You fall through a shaft!
  1665 | D:4      | Noticed Robin
  1719 | D:4      | Killed Robin
  1783 | D:4      | Found a staircase to the Ecumenical Temple.
  1789 | Temple   | Entered the Ecumenical Temple
  2151 | D:4      | Noticed an ogre
  2159 | D:4      | Killed an ogre
  2159 | D:4      | Reached XP level 6. HP: 48/59 MP: 5/5
  2331 | D:5      | Entered Level 5 of the Dungeon
  2336 | D:5      | Noticed Capuchin's ghost (novice MiFi)
  2484 | D:2      | Reached skill level 5 in Unarmed Combat
  2564 | D:2      | Found a sacrificial altar of Ru.
  2678 | D:2      | Found a faded altar of an unknown god.
  2684 | D:2      | Became a worshipper of the Shining One
  2684 | D:2      | Reached * piety under the Shining One
  2684 | D:2      | Reached ** piety under the Shining One
  2684 | D:2      | Quit the game

Vault maps used:
D:1:      nagdon_arrival_double_spiral
D:2:      ecumenical_altar_1, nicolae_ru_path_of_blood
D:3:      lemuel_crystal_altar
D:4:      first_bread, uniq_robin
D:5:      okawaru_ov_weapons_minmay, uniq_sigmund, uniq_blork_the_orc,
          uniq_edmund, uniq_eustachio
Temple:   regret_index_temple_generic_petals

Skill      XL: |  1  2  3  4  5  6 |
---------------+-------------------+-----
Throwing       | 1 2 3 |  3.3
Dodging        | 3 |  3.6
Unarmed Combat | 4 5 |  5.0
Fighting       | |  2.4
Stealth        | |  1.0

Action                   |  1- 3 |  4- 6 || total
-------------------------+-------+-------++-------
Melee: Unarmed           |   124 |   120 ||   244
Throw: Stone             |       |    11 ||    11
 Stab: Sleeping          |     8 |     5 ||    13
  Eat: Chunk             |    15 |    14 ||    29
Armor: Robe              |    57 |    34 ||    91
Dodge: Dodged            |    62 |    71 ||   133
